 Dungeon Crawl Stone Soup version 0.23.2-33-g5129a83184 (webtiles) character file.

Game seed: 3484760713938616633

77 dvd the Grave Robber (level 4, -12/33 HPs)
             Began as a Draconian Necromancer on July 6, 2019.
             Mangled by Sigmund
             ... wielding a +0 scythe
              (15 damage)
             ... on level 2 of the Dungeon.
             The game lasted 00:05:16 (2054 turns).

dvd the Grave Robber (Draconian Necromancer)        Turns: 2054, Time: 00:05:16

Health: -12/33     AC:  6    Str: 10    XL:     4   Next: 14%
Magic:  0/8        EV: 12    Int: 17    God:
Gold:   43         SH:  0    Dex: 11    Spells: 1/8 levels left

rFire    . . .     SeeInvis .   l - +1 hand axe (flame)
rCold    . . .     Gourm    .   (no shield)
rNeg     . . .     Faith    .   (armour unavailable)
rPois    .         Spirit   .   (helmet restricted)
rElec    .         Reflect  .   (no cloak)
rCorr    .         Harm     .   (no gloves)
MR       .....                  e - +0 pair of boots
Stlth    ++........             (no amulet)
HPRegen  0.11/turn              (no ring)
MPRegen  0.11/turn              (no ring)

@: very slightly contaminated
A: unfitting armour, cold-blooded, AC +5
a: no special abilities


You were on level 2 of the Dungeon.
You were hungry.

You visited 1 branch of the dungeon, and saw 2 of its levels.

You collected 43 gold pieces.

Inventory:

Hand Weapons
 a - a +2 dagger of flaming
 l - a +1 hand axe of flaming (weapon)
Armour
 e - a +0 pair of boots (worn)
Scrolls
 c - a scroll of blinking {unknown}
 f - a scroll of enchant weapon {unknown}
 g - a scroll of magic mapping {unknown}
 i - 3 scrolls of teleportation {unknown}
 k - a scroll of identify {unknown}
Potions
 d - a potion of curing {unknown}
 h - 2 potions of brilliance {unknown}
 j - a potion of degeneration {unknown}
 n - a potion of invisibility {unknown}
Comestibles
 b - 3 rations
 m - a chunk of flesh


   Skills:
 + Level 0.1 Fighting
 + Level 0.3 Short Blades
 + Level 2.0 Dodging
 + Level 2.0 Stealth
 + Level 2.8 Spellcasting
 + Level 4.9 Necromancy


You had one spell level left.
You knew the following spells:

 Your Spells              Type           Power        Failure   Level  Hunger
a - Pain                  Necr           ###.         2%          1    #......
b - Vampiric Draining     Necr           ###.......   7%          3    ###....
c - Regeneration          Chrm/Necr      ##........   19%         3    ###....

Your spell library contained the following spells:

 Spells                   Type           Power        Failure   Level  Hunger
 Animate Skeleton         Necr           N/A          2%          1    #......
 Animate Dead             Necr           N/A          24%         4    #####..


Dungeon Overview and Level Annotations

Branches:
Dungeon (2/15)

Altars:

Annotations:
D:2 Sigmund


Innate Abilities, Weirdness & Mutations

Your plain brown scales are hard. (AC +5)
You cannot fit into any form of body armour.
You are cold-blooded and may be slowed by cold attacks.


Message History

You miss something. Something hits you.
You hit something. You burn something.
Your tail-slap misses something.
Something hits you.
You miss something. Something hits you!
* * * LOW HITPOINT WARNING * * *
Casting: Pain (safe; 2% risk of failure)
Confirm with . or Enter, or press ? or * to list all spells.
Aiming: Pain (safe; 2% risk of failure)
Press: ? - help, Shift-Dir - straight line Something writhes in agony.
Something hits you.
* * * LOW HITPOINT WARNING * * *
Unknown command.
Casting: Pain (safe; 2% risk of failure)
Confirm with . or Enter, or press ? or * to list all spells.
Aiming: Pain (safe; 2% risk of failure)
Press: ? - help, Shift-Dir - straight line Something writhes in agony.
Unknown command.
You hit something. You burn something. Something hits you!
You die...

..######### .....[{@..#
..#######.# ...# #.# #..#
... #.# ....
...#######.### ##########
#..# #............#
#......... #..#
#.#######....###.######..
#..# #.# #........##.#
#.# #..#### #.#
#.#####..##.######.#


There were no monsters in sight!

Vanquished Creatures
  An adder (D:2)
  2 adder zombies (D:2)
  A worm (D:2)
  4 leopard geckos
  2 bat skeletons (D:2)
  2 giant cockroaches (D:1)
  9 goblins
  3 hobgoblins (D:1)
  8 kobolds
  A quokka (D:2)
  A ball python (D:1)
  9 bats
  4 frilled lizards
  A leopard gecko zombie (D:2)
  4 rats
52 creatures vanquished.

Notes
Turn   | Place    | Note
-------+----------+-------------------------------------------
     0 | D:1      | dvd the Draconian Necromancer began the quest for the Orb.
     0 | D:1      | Reached XP level 1. HP: 14/14 MP: 3/3
   267 | D:1      | Reached XP level 2. HP: 9/20 MP: 0/5
  1196 | D:1      | Reached XP level 3. HP: 23/26 MP: 4/6
  1201 | D:1      | Learned a level 3 spell: Vampiric Draining
  1766 | D:2      | Reached XP level 4. HP: 30/33 MP: 3/8
  1826 | D:2      | Learned a level 3 spell: Regeneration
  2032 | D:2      | Noticed Sigmund
  2054 | D:2      | Mangled by Sigmund

Skill      XL: |  1  2  3  4 |
---------------+-------------+-----
Dodging        | 2 |  2.0
Stealth        | 2 |  2.0
Fighting       | |  0.1
Short Blades   | |  0.3
Spellcasting   | |  2.8
Necromancy     | |  4.9

Action                   |  1- 3 |  4- 6 || total
-------------------------+-------+-------++-------
Melee: Dagger            |    39 |     1 ||    40
       Unarmed           |     2 |       ||     2
       Tailslap          |     2 |       ||     2
       Hand axe          |       |    10 ||    10
 Cast: Pain              |    63 |    14 ||    77
       Vampiric Draining |       |     1 ||     1
 Stab: Sleeping          |     1 |       ||     1
  Eat: Chunk             |     3 |     1 ||     4
Armor: Skin              |    20 |     3 ||    23
Dodge: Dodged            |    49 |       ||    49
